 Dungeon Crawl Stone Soup version 0.30-b1-2-g02819fbbbe (webtiles) character file.

Game seed: 11973541903247225377

55 redmage the Chiller (level 4, -3/33 HPs)
             Began as a Meteoran Ice Elementalist on Aug 4, 2023.
             Killed from afar by an orc wizard (11 damage)
             ... with a puff of flame
             ... on level 3 of the Dungeon.
             The game lasted 00:02:24 (153 turns).

redmage the Chiller (Meteoran Ice Elementalist)      Turns: 153, Time: 00:02:25

Health: -3/33      AC:  2    Str:  9    XL:     4   Next: 36%
Magic:  3/10       EV: 12    Int: 18    God:
Gold:   0          SH:  0    Dex: 15    Spells: 3/10 levels left

rFire   . . .        (no weapon)
rCold   . . .        (no shield)
rNeg    . . .        a - +0 robe
rPois   .            (no helmet)
rElec   .            (no cloak)
rCorr   .            (no gloves)
SInv    .            (no boots)
Will    .....        (no amulet)
Stlth   +            (no ring)
HPRegen 0.25/turn    (no ring)
MPRegen 0.12/turn

%: no passive effects
@: freezing walls, glowing
A: sense surroundings 1, otherworldly, glowing, explore regen
a: no special abilities


You were on level 3 of the Dungeon.
You visited 1 branch of the dungeon, and saw 4 of its levels.

Inventory:

Armour
 a - a +0 robe (worn)
Jewellery
 e - a ring of protection from cold
Scrolls
 c - 2 scrolls of noise {unknown}
 d - a scroll of magic mapping {unknown}
Potions
 b - a potion of magic


   Skills:
 - Level 2.4 Dodging
 - Level 1.4 Stealth
 + Level 3.6 Spellcasting
 * Level 5.5 Ice Magic


You had 3 spell levels left.
You knew the following spells:

 Your Spells              Type           Power      Damage    Failure   Level
a - Freeze                Ice            92%        1d9       1%          1
b - Frozen Ramparts       Ice            46%        1d7       4%          3
c - Ozocubu's Armour      Ice            23%        N/A       4%          3

Your spell library contained the following spells:

 Spells                   Type           Power      Damage    Failure   Level
 Static Discharge         Conj/Air       6%         2-3/arc   24%         2
 Summon Ice Beast         Ice/Summ       13%        N/A       45%         4
 Airstrike                Air            1%         2d(1-17)  83%         4
 Summon Lightning Spire   Summ/Air       3%         N/A       83%         4


Dungeon Overview and Level Annotations

Branches:
Dungeon (4/15) Zot: 2245
 Temple: D:4-7

Altars:


Innate Abilities, Weirdness & Mutations

You passively map a small area around you.
You are easily found by Zot.
You glow in the dark.
You regain HP and MP as you explore.


Message History

Casting: Frozen Ramparts (quite dangerous; 6% risk of failure)
Confirm with . or Enter, or press ? or * to list all spells.
The spell is quite dangerous to miscast (6% risk of failure)!
Continue anyway?
Casting: Frozen Ramparts (quite dangerous; 6% risk of failure)
Press: ? - help, Dir - look around, f - activate The walls around you are covered in ice.
The orc wizard shouts!
The wall freezes the orc priest.
Unknown command.
Unknown command.
You closely miss the orc priest.
The orc priest is moderately wounded.
The wall freezes the orc priest but does no damage.
The orc priest hits you with a +0 club.
Unknown command.
You hit the orc priest but do no damage.
The orc priest is moderately wounded.
The wall freezes the orc priest.
The orc priest hits you with a +0 club.
Unknown command.
You closely miss the orc priest.
The orc priest is heavily wounded.
The wall freezes the orc priest but does no damage.
The orc priest hits you with a +0 club.
Casting: Frozen Ramparts (quite dangerous; 6% risk of failure)
Confirm with . or Enter, or press ? or * to list all spells.
Aiming: Freeze (safe; 1% risk of failure)
Press: ? - help, Shift-Dir - straight line, f - orc priest
Aim: an orc priest, wielding a +0 club and wearing a +0 ring mail (heavily wounded)
You freeze the orc priest!
You kill the orc priest!
You have reached level 4!
The wall freezes the orc wizard.
The wall freezes the orc wizard.
The orc wizard points at you and mumbles some strange words.
The magic dart hits you!
* * * LOW HITPOINT WARNING * * *
The wall freezes the orc.
The wall freezes the orc wizard.
The orc wizard points at you and mumbles some strange words.
The puff of flame hits you!
You die...

, , , * #####.###### , ,
##.....#.....# **
##!......<.....##
#.[...........$.# *
#...............# ,
#...$.....!.....##### *
#...............@)o.#*
#..>............##o.....
, #...............#*
####. ##.............##
* ##...........## ,
######†###### #)# #.# *
,, ,, #.#* **


You could see an orc wizard and an orc.

Vanquished Creatures
  An orc priest (D:3)
  2 adders (D:2)
  An orc (D:3)
  An endoplasm (D:3)
  2 quokkas
  2 bats (D:3)
  A goblin (D:3)
10 creatures vanquished.

Notes
Turn   | Place    | Note
-------+----------+-------------------------------------------
     0 | D:1      | redmage the Meteoran Ice Elementalist began the quest for
                  | the Orb.
     0 | D:1      | Reached XP level 1. HP: 14/14 MP: 5/5
    39 | D:2      | Reached XP level 2. HP: 19/20 MP: 1/7
    69 | D:2      | Reached XP level 3. HP: 19/26 MP: 1/8
    70 | D:2      | Reached skill level 5 in Ice Magic
   114 | D:3      | Learned a level 3 spell: Frozen Ramparts
   118 | D:3      | Learned a level 3 spell: Ozocubu's Armour
   151 | D:3      | Reached XP level 4. HP: 17/33 MP: 2/10
   153 | D:3      | Killed from afar by an orc wizard

Illustrated notes

Levels and vault maps discovered:
D:1:      scummos_arrival_forest, layout_basic
D:2:      layout_basic
D:3:      layout_rooms, mainiacjoe_overflow_chevrons, makhleb_altar_promises_db
D:4:      layout_loops_ring, pdpol_temple_overflow_zin_treasury_gozag_greed,
          minmay_temple_entry_glass, gup_sewer_entry_glass,
          serial_bayou_lagoon_a, serial_park_tiny_pond, minmay_misc_feat_tower

Skill      XL: |  1  2  3 |
---------------+----------+-----
Spellcasting   | 3 |  3.6
Ice Magic      | 5 |  5.5
Dodging        | |  2.4
Stealth        | |  1.4

Action                     |  1- 3 |  4- 6 || total
---------------------------+-------+-------++-------
  Melee: Unarmed           |     7 |       ||     7
   Cast: Freeze            |    13 |       ||    13
         Frozen Ramparts   |     3 |       ||     3
 Armour: Robe              |     4 |       ||     4
  Dodge: Dodged            |     7 |       ||     7
